 Dungeon Crawl Stone Soup version 0.29.1-1-gd02db6906a (webtiles) character file.

Game seed: 14310769769359570870

27783 Zeld the Severer (level 13, -25/119 HPs)
             Began as a Minotaur Berserker on Oct 7, 2022.
             Was an Elder of Trog.
             Killed from afar by a crystal guardian (42 damage)
             ... with a crystal bolt
             ... on level 3 of the Abyss.
             The game lasted 00:18:54 (18357 turns).

Zeld the Severer (Minotaur Berserker)              Turns: 18357, Time: 00:18:55

Health: -25/119    AC: 20    Str: 30 (31) XL:     13   Next: 6%
Magic:  12/12      EV: 11    Int:  3 (4)  God:    Trog [****..]
Gold:   634        SH:  5    Dex: 10      Spells: 12/12 levels left

rFire   . . .      SeeInvis .   a - +3 broad axe (freeze)
rCold   . . .      Faith    .   (no shield)
rNeg    . . .      Spirit   .   T - +0 plate armour
rPois   .          Reflect  +   t - +2 hat
rElec   .          Harm     .   n - +0 cloak
rCorr   .          Rampage  .   K - +0 pair of gloves
Will    .....                   (no boots)
Stlth   ..........              J - amulet of reflection
HPRegen 0.29/turn               w - +6 ring of strength
MPRegen 0.13/turn               c - +4 ring of slaying

@: no status effects
A: horns 2, retaliatory headbutt, [deterioration 2], [weak 1]
a: Renounce Religion, Berserk, Trog's Hand, Brothers in Arms


You were on level 3 of the Abyss.
You worshipped Trog.
Trog was greatly pleased with you.
You visited 2 branches of the dungeon, and saw 15 of its levels.
You visited the Abyss 1 time.

You collected 964 gold pieces.
You spent 330 gold pieces at shops.

Inventory:

Hand Weapons
 a - a +3 broad axe of freezing (weapon)
 b - a +2 hand axe of flaming
Missiles
 e - 6 javelins
 s - 5 boomerangs (quivered)
 D - a curare-tipped dart
 N - 6 silver boomerangs
Armour
 n - a +0 cloak (worn)
 t - a +2 hat (worn)
 K - a +0 pair of gloves (worn)
 T - a +0 plate armour (worn)
Jewellery
 c - a +4 ring of slaying (right hand)
 w - a +6 ring of strength (left hand)
 J - an amulet of reflection (around neck)
Wands
 d - a wand of quicksilver (4)
 y - a wand of mindburst (21)
 F - a wand of digging (6)
 S - a wand of iceblast (9)
Scrolls
 f - a scroll of identify
 h - 4 scrolls of butterflies
 k - 4 scrolls of enchant armour
 q - 3 scrolls of magic mapping
 v - 3 scrolls of teleportation
 z - a scroll of silence {unknown}
 B - a scroll of acquirement {unknown}
 L - a scroll of summoning {unknown}
 O - 2 scrolls of torment {unknown}
 P - 4 scrolls of blinking {unknown}
 Q - 2 scrolls of poison {unknown}
Potions
 g - 9 potions of curing {unknown}
 i - 3 potions of ambrosia
 j - 2 potions of brilliance {unknown}
 m - 4 potions of haste {unknown}
 r - 2 potions of attraction {unknown}
 A - 7 potions of mutation {unknown}
 C - a potion of magic {unknown}
 E - 2 potions of berserk rage {unknown}
 G - 2 potions of lignification {unknown}
 H - a potion of invisibility
 I - 3 potions of might
 M - 2 potions of degeneration {unknown}
 R - a potion of cancellation {unknown}


   Skills:
 + Level 12.5 Fighting
 * Level 17.0 Axes
 + Level 12.2 Armour
 + Level 11.3 Dodging


You had 12 spell levels left.
You didn't know any spells.
Your spell library was empty.

Dungeon Overview and Level Annotations

Branches:
Dungeon (14/15)            Temple (1/1) D:7            Lair (0/5) D:11
    Orc (0/2) D:11
 Vaults: D:13-14

Altars:
Ashenzari
Cheibriados
Dithmenos
Elyvilon
Fedhas
Gozag
Hepliaklqana
Kikubaaqudgha
Makhleb
Nemelex Xobeh
Okawaru
Qazlal
Ru
Sif Muna
Trog
Uskayaw
Vehumet
Wu Jian
Xom
Yredelemnul
Zin
The Shining One

Shops:
D:7 !   D:11 ([


Innate Abilities, Weirdness & Mutations

You have a pair of horns on your head.
You reflexively headbutt those who attack you in melee.
[Your body often deteriorates upon taking damage.]
[You are weak. (Str -2)]


Message History

A raiju comes into view.
There are monsters nearby!
There are monsters nearby!
The raiju is engulfed in seething chaos.
The white imp spits at you.
You slice the raiju!! You freeze the raiju! Your headbutt misses the raiju.
The raiju is almost dead.
You slash the raiju! You freeze the raiju.
You kill the raiju!
Trog accepts your kill.
You feel the corruption within you wane somewhat.
You feel stronger.
You feel more energetic.
Your Axes skill increases to level 17!
The white imp gestures at you. The puff of frost hits you.
You hit the white imp but do no damage.
The white imp hits you but does no damage.
You completely miss the white imp.
The white imp hits you but does no damage.
You slash the white imp!
You kill the white imp!
Trog accepts your kill.
You see here a raiju corpse.
You start resting.
Magic restored.
Unknown command.
A dire elephant zombie comes into view.
A crystal guardian comes into view.
Found a runelight.
A vampire comes into view.
A lurking horror comes into view.
The crystal guardian fires a crystalline bolt at you.
The crystal bolt freezes you!!
Your body deteriorates!
You feel weakened. The crystal bolt freezes you!!
* * * LOW HITPOINT WARNING * * *
Your body deteriorates!
You feel dopey.
The crystal guardian fires a crystalline bolt at you.
The crystal bolt burns you!!!
You die...

.#..#.. #..# #
... #.# .##
#.....#.†..#
##....#.#.##
..###...##
#.#.#..#.
#.#...####
#.####
#@##.#.*#
#......#
.......#...###
.#.#... ....#
#... ###9#
#⌠## ... ##
V.# .#


You could see a crystal guardian and a vampire.

Vanquished Creatures
  2 tentacled starspawn (Abyss:2)
  Harold (D:11)
  3 boulder beetles
  A vault guard (D:13)
  A centaur warrior (D:11)
  A hydra (D:11)
  4 two-headed ogres
  Urug (D:13)
  A phantasmal warrior (Abyss:2)
  Pikel (D:7)
  A wizard (D:13)
  A deep elf pyromancer (D:10)
  3 manticores
  2 cyclopes
  7 ugly things
  A gargoyle (D:10)
  A yaktaur (D:13)
  An unseen horror (D:11)
  A kobold demonologist (D:13)
  8 trolls
  A hornet (D:10)
  2 slime creatures (D:13)
  7 raiju
  A vampire (D:10)
  3 wraiths
  A shadow (D:12)
  2 wyverns (D:11)
  2 humans (D:13)
  A chaos spawn (Abyss:3)
  A basilisk (D:13)
  9 vampire mosquitoes (D:13)
  Menkaure (D:5)
  2 large abominations (Abyss:2)
  5 acid dragons
  2 water moccasins
  2 black bears (D:8)
  4 orc warriors
  An ice beast (D:6)
  A wolf (D:11)
  5 centaurs
  3 phantoms
  A kobold brigand (D:11)
  A small abomination (Abyss:2)
  A necrophage (D:6)
  3 bullfrogs
  A gnoll sergeant (D:7)
  2 scorpions
  8 killer bees
  2 howler monkeys (D:10)
  An electric eel (D:11)
  8 hounds
  3 orc priests
  A gnoll bouda (D:8)
  Crazy Yiuf (D:2)
  Jessica (D:2)
  13 orc wizards
  4 iguanas
  6 gnolls
  9 adders
  2 shadow imps (D:6)
  2 white imps
  2 ufetubi
  2 worms (D:2)
  11 dart slugs
  36 orcs
  3 endoplasms
  4 giant cockroaches
  6 goblins
  3 hobgoblins
  A quokka (D:4)
  4 ball pythons
  7 bats
  5 frilled lizards
  11 kobolds
  2 rats
  4 starspawn tentacles (Abyss:2)
269 creatures vanquished.

Vanquished Creatures (others)
  4 starspawn tentacles (Abyss:2)
4 creatures vanquished.

Grand Total: 273 creatures vanquished

Notes
Turn   | Place    | Note
-------+----------+-------------------------------------------
     0 | D:1      | Zeld the Minotaur Berserker began the quest for the Orb.
     0 | D:1      | Reached XP level 1. HP: 19/19 MP: 0/0
   229 | D:1      | Found a faded altar of an unknown god.
   297 | D:1      | Reached XP level 2. HP: 24/27 MP: 1/1
   373 | D:1      | Reached skill level 4 in Axes
  1002 | D:2      | Noticed Jessica
  1010 | D:2      | Killed Jessica
  1011 | D:2      | Reached XP level 3. HP: 33/33 MP: 2/2
  1392 | D:2      | Reached XP level 4. HP: 40/40 MP: 3/3
  1595 | D:2      | Found a runed translucent door.
  1596 | D:2      | Noticed Crazy Yiuf
  1659 | D:2      | Killed Crazy Yiuf
  1872 | D:3      | Reached skill level 5 in Axes
  1885 | D:3      | Reached ** piety under Trog
  1899 | D:3      | Reached XP level 5. HP: 5/47 MP: 4/4
  2329 | D:3      | Found a burning altar of Makhleb.
  2490 | D:3      | Found a shimmering altar of Xom.
  2983 | D:4      | Identified the +0 ring mail of Vexation {rPois Will++
                  | Slay-5}
  3097 | D:4      | Noticed a phantom
  3107 | D:4      | Found a sparkling altar of Nemelex Xobeh.
  3115 | D:4      | Killed a phantom
  3116 | D:4      | Reached skill level 6 in Axes
  3116 | D:4      | Reached XP level 6. HP: 47/55 MP: 5/5
  3346 | D:4      | Reached skill level 5 in Fighting
  3658 | D:5      | Entered Level 5 of the Dungeon
  3669 | D:5      | Found a broken altar of Ashenzari.
  3761 | D:4      | Reached XP level 7. HP: 43/61 MP: 6/6
  4417 | D:5      | Reached skill level 7 in Axes
  4479 | D:5      | Noticed Menkaure
  4485 | D:5      | Killed Menkaure
  4486 | D:5      | Reached skill level 5 in Armour
  4760 | D:5      | You fall into a shaft and drop 1 floor!
  5155 | D:6      | Reached skill level 5 in Dodging
  5155 | D:6      | Reached XP level 8. HP: 70/70 MP: 7/7
  5187 | D:6      | Reached skill level 8 in Axes
  5497 | D:6      | Identified the +9 trident of Fonecy {freeze, rElec rC+}
  5675 | D:6      | Found a shimmering blue altar of Sif Muna.
  5845 | D:7      | Found Semofos's Distillery.
  5849 | D:7      | Noticed Pikel
  5860 | D:7      | Killed Pikel
  5861 | D:7      | Reached skill level 9 in Axes
  5916 | D:7      | Bought a potion of invisibility for 88 gold pieces
  5916 | D:7      | Bought 2 potions of heal wounds for 110 gold pieces
  5916 | D:7      | Bought a potion of ambrosia for 88 gold pieces
  5916 | D:7      | Bought a potion of might for 44 gold pieces
  6309 | D:7      | Found a staircase to the Ecumenical Temple.
  6322 | D:7      | Reached XP level 9. HP: 65/79 MP: 8/8
  6328 | Temple   | Entered the Ecumenical Temple
  6599 | D:7      | Found an opulent altar of Gozag.
  6621 | D:7      | Found an ornate altar of the Wu Jian Council.
  6763 | D:7      | Reached skill level 10 in Axes
  7170 | D:8      | Found a bloodstained altar of Trog.
  7261 | D:8      | Found a white marble altar of Elyvilon.
  7485 | D:8      | Reached *** piety under Trog
  8178 | D:9      | Noticed a troll
  8187 | D:9      | Killed a troll
  8271 | D:9      | Reached skill level 11 in Axes
  8306 | D:9      | Found a stormy altar of Qazlal.
  8603 | D:9      | Found a basalt altar of Yredelemnul.
  8917 | D:9      | Found a hide-covered altar of Uskayaw.
  8989 | D:10     | Entered Level 10 of the Dungeon
  9108 | D:10     | Noticed a two-headed ogre
  9115 | D:10     | Killed a two-headed ogre
  9116 | D:10     | Reached XP level 10. HP: 62/90 MP: 9/9
  9255 | D:10     | Noticed a gargoyle
  9265 | D:10     | Killed a gargoyle
  9336 | D:10     | Identified the +7 rapier "Dragon's Undoing" {venom, Int+4}
  9571 | D:10     | Reached skill level 12 in Axes
  9697 | D:10     | Noticed a two-headed ogre
  9712 | D:10     | Killed a two-headed ogre
 10939 | D:11     | Noticed a two-headed ogre
 10948 | D:11     | Killed a two-headed ogre
 10953 | D:11     | Reached skill level 13 in Axes
 11173 | D:11     | Found Yblaekea's Weapon Emporium.
 11173 | D:11     | Found a staircase to the Orcish Mines.
 11174 | D:11     | Found Ucoocoo's Armour Emporium.
 11231 | D:11     | Noticed Harold
 11241 | D:11     | Killed Harold
 11478 | D:11     | Reached XP level 11. HP: 99/99 MP: 10/10
 11507 | D:11     | Noticed a boulder beetle
 11534 | D:11     | Killed a boulder beetle
 11535 | D:11     | Reached skill level 10 in Fighting
 11920 | D:11     | Noticed a cyan ugly thing
 11920 | D:11     | Noticed a deep elf pyromancer
 11920 | D:11     | Noticed a centaur warrior
 11920 | D:11     | Noticed a boulder beetle
 11920 | D:11     | Noticed a two-headed ogre
 12095 | D:10     | Killed a two-headed ogre
 12258 | D:10     | Killed a deep elf pyromancer
 12259 | D:10     | Reached skill level 14 in Axes
 12263 | D:10     | Killed a cyan ugly thing
 12264 | D:10     | Reached skill level 10 in Armour
 12684 | D:11     | Killed a centaur warrior
 12904 | D:11     | Noticed a seven-headed hydra
 12913 | D:11     | Killed a one-headed hydra
 13119 | D:11     | Killed a boulder beetle
 13387 | D:11     | Reached **** piety under Trog
 13747 | D:11     | Noticed a boulder beetle
 13965 | D:10     | Killed a boulder beetle
 14245 | D:11     | Found a staircase to the Lair.
 14253 | D:11     | Reached skill level 15 in Axes
 14500 | D:11     | Reached skill level 10 in Dodging
 14500 | D:11     | Reached XP level 12. HP: 86/110 MP: 11/11
 15785 | D:13     | Noticed a vault guard
 16389 | D:13     | Noticed Urug
 16396 | D:13     | Killed Urug
 16963 | D:13     | Reached skill level 16 in Axes
 17923 | D:13     | Killed a vault guard
 17937 | Abyss:2  | Cast into level 2 of the Abyss (a wizard)
 18138 | Abyss:2  | Noticed a tentacled starspawn
 18145 | Abyss:2  | Noticed a tentacled starspawn
 18146 | Abyss:2  | Killed a tentacled starspawn
 18146 | Abyss:2  | Reached ***** piety under Trog
 18161 | Abyss:2  | Killed a tentacled starspawn
 18167 | Abyss:2  | Reached XP level 13. HP: 15/119 MP: 8/10
 18323 | Abyss:3  | Reached skill level 17 in Axes
 18354 | Abyss:3  | Noticed a crystal guardian
 18357 | Abyss:3  | Killed from afar by a crystal guardian

Illustrated notes

Levels and vault maps discovered:
D:1:      lightli_arrival_chessboard, layout_basic,
          chequers_ecumenical_altar_simple_redux, ebering_dispersal_statue_hall
D:2:      layout_basic, uniq_crazy_yiuf_cottage, uniq_jessica
D:3:      kennysheep_slugbush, layout_loops_ring, lemuel_tele_altar,
          mainiacjoe_overflow_tiny_flanked, minivault_24,
          kennysheep_generic_room_6
D:4:      layout_cave_pools, nicolae_overflow_crystal_walls, serial_glass,
          glass_columns_b, glass_columns_a
D:5:      layout_rooms, nicolae_ashenzari_panopticon, uniq_menkaure
D:6:      layout_rooms, mainiacjoe_overflow_alcove_2, kennysheep_small_circle
D:7:      layout_basic, mainiacjoe_overflow_brackets, lemuel_round_altar,
          minmay_temple_entry_gardened_gates, serial_shops, shop, uniq_pikel
D:8:      layout_basic, elyvilon_altar_5, trog_three_pillars_becter
D:9:      layout_roguey, mainiacjoe_overflow_boulevard,
          mainiacjoe_overflow_large_starburst
D:10:     layout_stronghold, kennysheep_generic_room_16
D:11:     minmay_chambers_of_sevens, layout_loops_corners, erik_lair_island,
          orc_david_3, uniq_harold
D:12:     layout_irregular_city, serial_column_ruins, column_ruins_hut_ruined,
          column_ruins_hut_water, column_ruins_grid_1, column_ruins_grid_2,
          column_ruins_open_tiny, column_ruins_grid_1, column_ruins_grid_1,
          chequers_serial_rivers_micro_d
D:13:     layout_loops_ring, grunt_vaults_entry_fortified,
          kennysheep_nondescript, uniq_urug
D:14:     layout_rooms, serial_park_fountain, uniq_roxanne
Temple:   chequers_temple_sunken
Abyss:3:  evilmike_abyss_exit_8, base: D:1,
          evilmike_nicolae_abyss_rune_betentacled_crabyss

Skill      XL: |  1  2  3  4  5  6  7  8  9 10 11 12 13 |
---------------+----------------------------------------+-----
Axes           | 4 5 6 7 9 11 13 15 16 17 | 17.0
Fighting       | 4 5 6 7 8 9 11 12 | 12.5
Armour         | 3 4 5 6 8 9 10 12 | 12.2
Dodging        | 3 4 5 6 7 8 10 11 | 11.3

Action                   |  1- 3 |  4- 6 |  7- 9 | 10-12 | 13-15 || total
-------------------------+-------+-------+-------+-------+-------++-------
Melee: Hand axe          |    58 |   134 |   278 |   283 |       ||   753
       Headbutt          |    10 |    22 |    49 |   117 |       ||   198
       Punch             |       |     1 |     3 |     5 |       ||     9
       Rapier            |       |       |       |    13 |       ||    13
       Broad axe         |       |       |       |   118 |    13 ||   131
Throw: Dart              |       |       |       |    21 |       ||    21
       Boomerang         |       |       |       |    11 |       ||    11
Invok: Berserk           |       |     4 |     6 |     7 |       ||    17
       Trog's Hand       |       |       |       |     1 |       ||     1
       Brothers in Arms  |       |       |       |       |     1 ||     1
Evoke: Wand              |       |       |       |     4 |       ||     4
  Use: Scroll            |       |       |       |    16 |       ||    16
       Potion            |       |       |       |     3 |       ||     3
Armor: Animal skin       |     7 |       |       |       |       ||     7
       Plate armour      |    14 |   125 |   151 |   249 |     6 ||   545
Dodge: Dodged            |    33 |    64 |   118 |   164 |     2 ||   381
Block: Other             |       |       |    24 |    76 |       ||   100
       Reflection        |       |       |     1 |     6 |       ||     7
